Blues vs Predators

Created - January 14 2009 at 20:56

Goals
1 2 3 T
Blues 1 2 0 3
Predators 1 0 0 1
Shots
1 2 3 T
Blues 16 18 12 46
Predators 9 6 6 21

Period #1

1. Predators , Tomas Holmstrom 12 (Chris Phillips) at 16:23 (SH)
2. Blues , Martin St. Louis 20 (Jay Bouwmeester, Tomas Plekanec) at 17:25 (PP)

Penalties :
Dan Hinote (NSH) for Tripping (Minor) at 0:36, Matt Walker (NSH) for Hooking (Minor) at 4:27, Francois Beauchemin (STL) for Hooking (Minor) at 7:07, Robert Lang (STL) for Holding Stick (Minor) at 11:25, Dan Hinote (NSH) for Elbowing (Minor) at 16:07

Period #2

3. Blues , Eric Perrin 8 (Guillaume Latendresse, Jay Bouwmeester) at 3:15
4. Blues , Tomas Plekanec 18 (Marek Zidlicky, Pierre-Marc Bouchard) at 7:23 (PP)

Penalties :
Tomas Holmstrom (NSH) for Slashing (Minor) at 1:00, Jay Bouwmeester (STL) for Boarding (Minor) at 4:32, Matt Walker (NSH) for Hooking (Minor) at 6:40, Matt Walker (NSH) for Elbowing (Minor) at 12:43, Bruno Gervais (STL) for Tripping (Minor) at 14:58

Period #3

No Goal

Penalties :
Mike Comrie (NSH) for Cross-checking (Minor) at 6:41, Marek Zidlicky (STL) for Slashing (Minor) at 10:05, Francois Beauchemin (STL) for Tripping (Minor) at 15:14, Martin Skoula (NSH) for Hooking (Minor) at 18:51

Goalie Stats

Antero Niittymaki (STL), 20 saves from 21 shots - (0.952), W, 6-3-0, 60:00 minutes
Dan Ellis (NSH), 43 saves from 46 shots - (0.935), L, 10-13-2, 60:00 minutes

Players Stats

Blues
Player Name              G  A  P  +/- PIM S  H  SB FO    MP 
------------------------------------------------------------
Bruno Gervais            0  0  0   0  2   1  0  1  0/0   11 
Eric Perrin              1  0  1   1  0   1  0  0  1/1   6  
Francois Beauchemin      0  0  0   1  4   0  8  0  0/0   21 
Guillaume Latendresse    0  1  1   1  0   0  1  0  0/0   6  
Jay Bouwmeester          0  2  2   0  2   5  3  0  0/0   26 
Jay Pandolfo             0  0  0   0  0   0  0  0  2/4   15 
Jean-Pierre Dumont       0  0  0   0  0   7  0  0  2/2   17 
Kim Johnsson             0  0  0   0  0   2  0  0  0/0   21 
Marek Zidlicky           0  1  1  -1  2   0  6  2  0/0   20 
Martin St. Louis         1  0  1  -1  0   5  1  1  0/0   22 
Maxime Talbot            0  0  0   1  0   0  0  0  4/7   8  
Michael Peca             0  0  0   0  0   3  1  0  8/19  15 
Phil Kessel              0  0  0   0  0   4  1  0  0/1   10 
Pierre-Marc Bouchard     0  1  1  -1  0   0  0  0  0/1   16 
Robert Lang              0  0  0   0  2   6  4  0  22/29 16 
Rostislav Olesz          0  0  0   0  0   6  2  0  0/0   15 
Sergei Fedorov           0  0  0   0  0   1  1  1  0/0   21 
Tomas Plekanec           1  1  2  -1  0   5  5  0  12/32 21 
Predators
Player Name              G  A  P  +/- PIM S  H  SB FO    MP 
------------------------------------------------------------
Andrew Ference           0  0  0   1  0   1  0  0  0/0   19 
Anton Babchuk            0  0  0  -1  0   0  1  0  0/0   9  
Chris Phillips           0  1  1   0  0   1  2  1  0/0   25 
Dan Hinote               0  0  0   0  4   2  2  0  0/1   15 
David Steckel            0  0  0  -1  0   0  0  0  6/10  8  
Drew Miller              0  0  0   0  0   0  0  1  0/1   12 
Lasse Kukkonen           0  0  0   0  0   2  4  1  0/0   22 
Marek Svatos             0  0  0   0  0   5  0  0  1/1   18 
Martin Skoula            0  0  0   0  2   0  0  1  0/0   22 
Matt Walker              0  0  0   0  6   0  5  4  0/0   11 
Mike Comrie              0  0  0   1  2   3  0  0  16/28 18 
Nathan Paetsch           0  0  0   0  0   0  2  0  0/0   13 
Nick Foligno             0  0  0   0  0   0  2  0  0/0   17 
Rene Bourque             0  0  0  -1  0   1  1  0  1/4   19 
Tomas Holmstrom          1  0  1   1  2   2  4  0  2/7   18 
Travis Zajac             0  0  0   0  0   2  1  1  7/23  17 
Tyler Bouck              0  0  0  -1  0   0  0  0  0/0   8  
Yanic Perreault          0  0  0   0  0   2  0  0  12/21 17 

3 Stars

1 - Tomas Plekanec (STL)
2 - Antero Niittymaki (STL)
3 - Tomas Holmstrom (NSH)

Power Play

Blues - 2 on 8 Attempt(s) - 25.00%
Predators - 0 on 6 Attempt(s) - 0.00%

Penalty Kill

Blues - 6 on 6 Attempt(s) - 100.00% - Score 0 goal in Penalty Kill
Predators - 6 on 8 Attempt(s) - 75.00% - Score 1 goal in Penalty Kill

Game Notes

No Game Note

Finance

Level 1 -- Attendance: 4470 (78.37%) -- Ticket Income $447,000.00
Level 2 -- Attendance: 3674 (77.28%) -- Ticket Income $220,440.00
Level 3 -- Attendance: 1489 (78.33%) -- Ticket Income $52,115.00
Level 4 -- Attendance: 3803 (100.00%) -- Ticket Income $76,060.00
Luxury Box -- Attendance: 714 (75.08%) -- Ticket Income $142,800.00
Game was played at the Sommet Center
Total Attendance: 14150 (82.69%)
Total Ticket Income: $990,664.90
Other Income: $382,029.00
Total Income: $1,372,694.00


Team Lines

Blues

5 vs 5
   Center                   Left Wing                Right Wing               Defense                  Defense                  
 1 Tomas Plekanec           Pierre-Marc Bouchard     Martin St. Louis         Jay Bouwmeester          Sergei Fedorov           
 2 Robert Lang              Jean-Pierre Dumont       Phil Kessel              Marek Zidlicky           Kim Johnsson             
 3 Michael Peca             Jay Pandolfo             Rostislav Olesz          Francois Beauchemin      Bruno Gervais            
 4 Maxime Talbot            Guillaume Latendresse    Eric Perrin              Jay Bouwmeester          Francois Beauchemin      

Power Play
   Center                   Left Wing                Right Wing               Defense                  Defense                  
 1 Tomas Plekanec           Pierre-Marc Bouchard     Martin St. Louis         Jay Bouwmeester          Marek Zidlicky           
 2 Robert Lang              Jean-Pierre Dumont       Rostislav Olesz          Sergei Fedorov           Kim Johnsson             

Penalty Kill - 4 Players
   Center                   Wing                     Defense                  Defense                  
 1 Michael Peca             Jay Pandolfo             Jay Bouwmeester          Francois Beauchemin      
 2 Tomas Plekanec           Martin St. Louis         Sergei Fedorov           Kim Johnsson             

4 vs 4
   Center                   Wing                     Defense                  Defense                  
 1 Tomas Plekanec           Martin St. Louis         Marek Zidlicky           Jay Bouwmeester          
 2 Robert Lang              Pierre-Marc Bouchard     Marek Zidlicky           Sergei Fedorov           

Penalty Kill - 3 Players
   Forward                  Defense                  Defense                  
 1 Michael Peca             Jay Bouwmeester          Bruno Gervais            
 2 Maxime Talbot            Francois Beauchemin      Kim Johnsson             

Goaltenders
Starting : Antero Niittymaki        
Backup : Rick Dipietro            

Extra Forwards
Martin St. Louis, Tomas Plekanec, Jean-Pierre Dumont, Rostislav Olesz, Michael Peca
Extra Defensemen
Jay Bouwmeester, Sergei Fedorov, Kim Johnsson, Francois Beauchemin, Marek Zidlicky
Penalty Shots
Martin St. Louis, Tomas Plekanec, Jean-Pierre Dumont, Robert Lang, Rostislav Olesz
Coach Strategy
Physical Style: 0 - Defense Style: 2 - Offense Style: 3

Predators

5 vs 5
   Center                   Left Wing                Right Wing               Defense                  Defense                  
 1 Mike Comrie              Rene Bourque             Tomas Holmstrom          Chris Phillips           Andrew Ference           
 2 Travis Zajac             Nick Foligno             Marek Svatos             Martin Skoula            Lasse Kukkonen           
 3 Yanic Perreault          Drew Miller              Dan Hinote               Nathan Paetsch           Matt Walker              
 4 David Steckel            Rene Bourque             Tyler Bouck              Anton Babchuk            Chris Phillips           

Power Play
   Center                   Left Wing                Right Wing               Defense                  Defense                  
 1 Mike Comrie              Rene Bourque             Tomas Holmstrom          Chris Phillips           Andrew Ference           
 2 Travis Zajac             Nick Foligno             Marek Svatos             Martin Skoula            Lasse Kukkonen           

Penalty Kill - 4 Players
   Center                   Wing                     Defense                  Defense                  
 1 Mike Comrie              Tomas Holmstrom          Chris Phillips           Andrew Ference           
 2 Yanic Perreault          Dan Hinote               Martin Skoula            Lasse Kukkonen           

4 vs 4
   Center                   Wing                     Defense                  Defense                  
 1 Mike Comrie              Tomas Holmstrom          Chris Phillips           Andrew Ference           
 2 Marek Svatos             Travis Zajac             Martin Skoula            Lasse Kukkonen           

Penalty Kill - 3 Players
   Forward                  Defense                  Defense                  
 1 Tomas Holmstrom          Chris Phillips           Andrew Ference           
 2 Mike Comrie              Martin Skoula            Lasse Kukkonen           

Goaltenders
Starting : Dan Ellis                
Backup : Vesa Toskala             

Extra Forwards
Tomas Holmstrom, Mike Comrie, Marek Svatos, Travis Zajac, Rene Bourque
Extra Defensemen
Chris Phillips, Andrew Ference, Martin Skoula, Lasse Kukkonen, Nathan Paetsch
Penalty Shots
Tomas Holmstrom, Mike Comrie, Marek Svatos, Travis Zajac, Rene Bourque
Coach Strategy
Physical Style: 0 - Defense Style: 3 - Offense Style: 2

Play by Play

Period #1

0:01 of 1st period - Tomas Plekanec wins face-off versus Tomas Holmstrom in neutral zone.
0:15 of 1st period - Off-side.
0:16 of 1st period - Travis Zajac wins face-off versus Phil Kessel in neutral zone.
0:21 of 1st period - Shot by Travis Zajac.
0:21 of 1st period - Stopped by Antero Niittymaki without a rebound.
0:22 of 1st period - Michael Peca wins face-off versus Yanic Perreault in Blues zone.
0:36 of 1st period - Minor Penalty to Dan Hinote for Tripping.
0:37 of 1st period - Mike Comrie wins face-off versus Tomas Plekanec in Blues zone.
0:40 of 1st period - Shot by Mike Comrie.
0:40 of 1st period - Stopped by Antero Niittymaki with a rebound.
0:49 of 1st period - Icing by Marek Zidlicky.
0:50 of 1st period - Yanic Perreault wins face-off versus Tomas Plekanec in Blues zone.
1:22 of 1st period - Shot by Pierre-Marc Bouchard.
1:22 of 1st period - Shot Misses the Net.
1:36 of 1st period - Shot by Tomas Holmstrom.
1:36 of 1st period - Stopped by Antero Niittymaki with a rebound.
1:38 of 1st period - Shot by Mike Comrie.
1:38 of 1st period - Stopped by Antero Niittymaki with a rebound.
1:59 of 1st period - Icing by Rostislav Olesz.
2:00 of 1st period - Robert Lang wins face-off versus Mike Comrie in Blues zone.
2:00 of 1st period - Robert Lang is hit by Tomas Holmstrom.
2:05 of 1st period - Off-side.
2:06 of 1st period - Robert Lang wins face-off versus Yanic Perreault in neutral zone.
2:13 of 1st period - Marek Svatos is hit by Robert Lang and loses puck.
2:22 of 1st period - Shot by Jean-Pierre Dumont.
2:22 of 1st period - Stopped by Dan Ellis without a rebound.
2:23 of 1st period - Robert Lang wins face-off versus Mike Comrie in Predators zone.
2:42 of 1st period - Shot by Jay Bouwmeester.
2:42 of 1st period - Shot Misses the Net.
3:26 of 1st period - Jay Bouwmeester is hit by Nick Foligno and loses puck.
3:41 of 1st period - Lasse Kukkonen is hit by Guillaume Latendresse and loses puck.
3:49 of 1st period - Icing by Lasse Kukkonen.
3:50 of 1st period - Robert Lang wins face-off versus Travis Zajac in Predators zone.
3:51 of 1st period - Shot by Marek Zidlicky.
3:51 of 1st period - Shot Misses the Net.
3:56 of 1st period - Travis Zajac is hit by Marek Zidlicky and loses puck.
4:25 of 1st period - Robert Lang is hit by Matt Walker and loses puck.
4:27 of 1st period - Minor Penalty to Matt Walker for Hooking.
4:28 of 1st period - Robert Lang wins face-off versus Mike Comrie in Predators zone.
4:39 of 1st period - Shot by Jean-Pierre Dumont.
4:39 of 1st period - Shot Misses the Net.
4:41 of 1st period - Shot by Robert Lang.
4:41 of 1st period - Stopped by Dan Ellis without a rebound.
4:42 of 1st period - Mike Comrie wins face-off versus Tomas Plekanec in Predators zone.
4:51 of 1st period - Shot by Martin St. Louis.
4:51 of 1st period - Deflect By Tomas Plekanec.
4:51 of 1st period - Shot Misses the Net.
4:53 of 1st period - Shot by Tomas Plekanec.
4:53 of 1st period - Stopped by Dan Ellis without a rebound.
4:54 of 1st period - Mike Comrie wins face-off versus Tomas Plekanec in Predators zone.
5:34 of 1st period - Shot by Jean-Pierre Dumont.
5:34 of 1st period - Stopped by Dan Ellis without a rebound.
5:35 of 1st period - Robert Lang wins face-off versus Yanic Perreault in Predators zone.
5:41 of 1st period - Shot by Rostislav Olesz.
5:41 of 1st period - Stopped by Dan Ellis without a rebound.
5:42 of 1st period - Robert Lang wins face-off versus Yanic Perreault in Predators zone.
6:01 of 1st period - Shot by Jean-Pierre Dumont.
6:01 of 1st period - Shot Misses the Net.
6:38 of 1st period - Shot by Rene Bourque.
6:38 of 1st period - Stopped by Antero Niittymaki without a rebound.
6:39 of 1st period - Maxime Talbot wins face-off versus Travis Zajac in Blues zone.
7:02 of 1st period - Shot by Marek Svatos.
7:02 of 1st period - Stopped by Antero Niittymaki with a rebound.
7:06 of 1st period - Shot by Marek Svatos.
7:06 of 1st period - Stopped by Antero Niittymaki with a rebound.
7:07 of 1st period - Minor Penalty to Francois Beauchemin for Hooking.
7:08 of 1st period - Mike Comrie wins face-off versus Tomas Plekanec in Blues zone.
7:09 of 1st period - Shot by Tomas Holmstrom.
7:09 of 1st period - Shot Misses the Net.
7:11 of 1st period - Shot by Andrew Ference.
7:11 of 1st period - Shot Blocked by Sergei Fedorov.
8:24 of 1st period - Icing by Martin Skoula.
8:25 of 1st period - Travis Zajac wins face-off versus Tomas Plekanec in Predators zone.
9:17 of 1st period - Shot by Guillaume Latendresse.
9:17 of 1st period - Shot Misses the Net.
9:37 of 1st period - Guillaume Latendresse is hit by Matt Walker and loses puck.
10:16 of 1st period - Shot by Chris Phillips.
10:16 of 1st period - Shot Misses the Net.
10:18 of 1st period - Shot by Anton Babchuk.
10:18 of 1st period - Shot Misses the Net.
10:36 of 1st period - Shot by Martin St. Louis.
10:36 of 1st period - Deflect By Tomas Plekanec.
10:36 of 1st period - Stopped by Dan Ellis without a rebound.
10:37 of 1st period - Robert Lang wins face-off versus Travis Zajac in Predators zone.
10:38 of 1st period - Shot by Jean-Pierre Dumont.
10:38 of 1st period - Shot Misses the Net.
10:54 of 1st period - Shot by Jean-Pierre Dumont.
10:54 of 1st period - Stopped by Dan Ellis without a rebound.
10:55 of 1st period - Yanic Perreault wins face-off versus Michael Peca in Predators zone.
11:18 of 1st period - Shot by Rostislav Olesz.
11:18 of 1st period - Stopped by Dan Ellis without a rebound.
11:19 of 1st period - Robert Lang wins face-off versus Travis Zajac in Predators zone.
11:25 of 1st period - Minor Penalty to Robert Lang for Holding Stick.
11:26 of 1st period - Mike Comrie wins face-off versus Tomas Plekanec in neutral zone.
11:49 of 1st period - Icing by Rene Bourque.
11:50 of 1st period - Mike Comrie wins face-off versus Michael Peca in Predators zone.
11:58 of 1st period - Mike Comrie is hit by Francois Beauchemin and loses puck.
12:38 of 1st period - Martin Skoula is hit by Martin St. Louis and loses puck.
13:15 of 1st period - Sergei Fedorov is hit by Tomas Holmstrom.
13:51 of 1st period - Shot by Dan Hinote.
13:51 of 1st period - Stopped by Antero Niittymaki without a rebound.
13:52 of 1st period - David Steckel wins face-off versus Jay Pandolfo in Blues zone.
14:18 of 1st period - Shot by Jay Pandolfo.
14:18 of 1st period - Shot Misses the Net.
14:20 of 1st period - Shot by Michael Peca.
14:20 of 1st period - Deflect By Rostislav Olesz.
14:20 of 1st period - Stopped by Dan Ellis without a rebound.
14:21 of 1st period - Robert Lang wins face-off versus Travis Zajac in Predators zone.
14:33 of 1st period - Jean-Pierre Dumont is hit by Lasse Kukkonen and loses puck.
14:36 of 1st period - Shot by Jean-Pierre Dumont.
14:36 of 1st period - Stopped by Dan Ellis without a rebound.
14:37 of 1st period - Yanic Perreault wins face-off versus Tomas Plekanec in Predators zone.
14:50 of 1st period - Shot by Jay Bouwmeester.
14:50 of 1st period - Stopped by Dan Ellis without a rebound.
14:51 of 1st period - Maxime Talbot wins face-off versus Tomas Holmstrom in Predators zone.
14:58 of 1st period - Shot by Eric Perrin.
14:58 of 1st period - Shot Misses the Net.
15:02 of 1st period - Shot by Maxime Talbot.
15:02 of 1st period - Shot Misses the Net.
15:12 of 1st period - Shot by Jay Bouwmeester.
15:12 of 1st period - Stopped by Dan Ellis without a rebound.
15:13 of 1st period - Robert Lang wins face-off versus Travis Zajac in Predators zone.
15:17 of 1st period - Icing by Lasse Kukkonen.
15:18 of 1st period - Robert Lang wins face-off versus Travis Zajac in Predators zone.
15:28 of 1st period - Icing by Martin Skoula.
15:29 of 1st period - Travis Zajac wins face-off versus Michael Peca in Predators zone.
15:29 of 1st period - Travis Zajac is hit by Rostislav Olesz.
16:07 of 1st period - Minor Penalty to Dan Hinote for Elbowing.
16:08 of 1st period - Mike Comrie wins face-off versus Tomas Plekanec in Blues zone.
16:17 of 1st period - Shot by Tomas Holmstrom.
16:17 of 1st period - Shot Misses the Net.
16:23 of 1st period - Shot by Tomas Holmstrom.
16:23 of 1st period - Goal by Tomas Holmstrom - Blues : 0 - Predators : 1.
16:24 of 1st period - Mike Comrie wins face-off versus Robert Lang in neutral zone.
16:40 of 1st period - Off-side.
16:41 of 1st period - Tomas Holmstrom wins face-off versus Tomas Plekanec in neutral zone.
16:47 of 1st period - Icing by Marek Zidlicky.
16:48 of 1st period - Tomas Plekanec wins face-off versus Tomas Holmstrom in Blues zone.
17:21 of 1st period - Shot by Jay Bouwmeester.
17:21 of 1st period - Stopped by Dan Ellis with a rebound.
17:25 of 1st period - Shot by Martin St. Louis.
17:25 of 1st period - Goal by Martin St. Louis - Blues : 1 - Predators : 1.
17:26 of 1st period - Michael Peca wins face-off versus Dan Hinote in neutral zone.
17:38 of 1st period - Matt Walker is hit by Francois Beauchemin and loses puck.
17:50 of 1st period - Dan Hinote is hit by Francois Beauchemin and loses puck.
18:01 of 1st period - Shot by Michael Peca.
18:01 of 1st period - Shot Misses the Net.
18:39 of 1st period - Shot by Robert Lang.
18:39 of 1st period - Shot Misses the Net.
18:41 of 1st period - Shot by Phil Kessel.
18:41 of 1st period - Stopped by Dan Ellis without a rebound.
18:42 of 1st period - David Steckel wins face-off versus Tomas Plekanec in Predators zone.
18:42 of 1st period - David Steckel is hit by Tomas Plekanec.
18:48 of 1st period - Shot by Tomas Plekanec.
18:48 of 1st period - Stopped by Dan Ellis without a rebound.
18:49 of 1st period - David Steckel wins face-off versus Tomas Plekanec in Predators zone.
18:59 of 1st period - Shot by Martin St. Louis.
18:59 of 1st period - Shot Blocked by Chris Phillips.

Period #2

0:01 of 2nd period - Mike Comrie wins face-off versus Tomas Plekanec in neutral zone.
0:14 of 2nd period - Shot by Tomas Holmstrom.
0:14 of 2nd period - Shot Blocked by Martin St. Louis.
0:17 of 2nd period - Icing by Sergei Fedorov.
0:18 of 2nd period - Tomas Plekanec wins face-off versus Travis Zajac in Blues zone.
0:43 of 2nd period - Shot by Martin St. Louis.
0:43 of 2nd period - Shot Misses the Net.
0:59 of 2nd period - Off-side.
1:00 of 2nd period - Michael Peca wins face-off versus Mike Comrie in neutral zone.
1:00 of 2nd period - Minor Penalty to Tomas Holmstrom for Slashing.
1:01 of 2nd period - Jean-Pierre Dumont wins face-off versus Mike Comrie in neutral zone.
1:10 of 2nd period - Shot by Rostislav Olesz.
1:10 of 2nd period - Stopped by Dan Ellis without a rebound.
1:11 of 2nd period - Robert Lang wins face-off versus Mike Comrie in Predators zone.
1:14 of 2nd period - Shot by Robert Lang.
1:14 of 2nd period - Stopped by Dan Ellis with a rebound.
1:16 of 2nd period - Shot by Jean-Pierre Dumont.
1:16 of 2nd period - Shot Hit the Post.
1:18 of 2nd period - Shot by Sergei Fedorov.
1:18 of 2nd period - Stopped by Dan Ellis without a rebound.
1:19 of 2nd period - Mike Comrie wins face-off versus Pierre-Marc Bouchard in Predators zone.
1:24 of 2nd period - Jay Bouwmeester is hit by Travis Zajac.
1:25 of 2nd period - Icing by Jay Bouwmeester.
1:26 of 2nd period - Yanic Perreault wins face-off versus Tomas Plekanec in Blues zone.
1:47 of 2nd period - Shot by Marek Zidlicky.
1:47 of 2nd period - Shot Misses the Net.
1:51 of 2nd period - Shot by Jay Bouwmeester.
1:51 of 2nd period - Stopped by Dan Ellis without a rebound.
1:52 of 2nd period - Mike Comrie wins face-off versus Robert Lang in Predators zone.
2:56 of 2nd period - Shot by Tomas Plekanec.
2:56 of 2nd period - Deflect By Martin St. Louis.
2:56 of 2nd period - Shot Misses the Net.
2:58 of 2nd period - Shot by Jay Bouwmeester.
2:58 of 2nd period - Shot Misses the Net.
3:02 of 2nd period - Shot by Francois Beauchemin.
3:02 of 2nd period - Shot Misses the Net.
3:15 of 2nd period - Shot by Eric Perrin.
3:15 of 2nd period - Goal by Eric Perrin - Blues : 2 - Predators : 1.
3:16 of 2nd period - Yanic Perreault wins face-off versus Michael Peca in neutral zone.
3:41 of 2nd period - Shot by Michael Peca.
3:41 of 2nd period - Shot Blocked by Matt Walker.
3:43 of 2nd period - Shot by Rostislav Olesz.
3:43 of 2nd period - Stopped by Dan Ellis with a rebound.
3:45 of 2nd period - Shot by Bruno Gervais.
3:45 of 2nd period - Stopped by Dan Ellis without a rebound.
3:46 of 2nd period - Robert Lang wins face-off versus Travis Zajac in Predators zone.
4:11 of 2nd period - Off-side.
4:12 of 2nd period - Mike Comrie wins face-off versus Maxime Talbot in neutral zone.
4:18 of 2nd period - Tomas Holmstrom is hit by Jay Bouwmeester and loses puck.
4:23 of 2nd period - Shot by Mike Comrie.
4:23 of 2nd period - Stopped by Antero Niittymaki without a rebound.
4:24 of 2nd period - David Steckel wins face-off versus Tomas Plekanec in Blues zone.
4:24 of 2nd period - Chris Phillips is hit by Sergei Fedorov and loses puck.
4:32 of 2nd period - Minor Penalty to Jay Bouwmeester for Boarding.
4:33 of 2nd period - Jay Pandolfo wins face-off versus Tomas Holmstrom in Blues zone.
4:33 of 2nd period - Jay Pandolfo is hit by Tomas Holmstrom.
5:04 of 2nd period - Shot by Tomas Holmstrom.
5:04 of 2nd period - Shot Misses the Net.
5:06 of 2nd period - Shot by Chris Phillips.
5:06 of 2nd period - Stopped by Antero Niittymaki without a rebound.
5:07 of 2nd period - Travis Zajac wins face-off versus Tomas Plekanec in Blues zone.
5:58 of 2nd period - Icing by Nick Foligno.
5:59 of 2nd period - Travis Zajac wins face-off versus Michael Peca in Predators zone.
6:36 of 2nd period - Martin St. Louis is hit by Dan Hinote and loses puck.
6:40 of 2nd period - Minor Penalty to Matt Walker for Hooking.
6:41 of 2nd period - Robert Lang wins face-off versus Mike Comrie in Predators zone.
6:46 of 2nd period - Shot by Robert Lang.
6:46 of 2nd period - Shot Misses the Net.
6:50 of 2nd period - Shot by Rostislav Olesz.
6:50 of 2nd period - Stopped by Dan Ellis with a rebound.
6:52 of 2nd period - Shot by Kim Johnsson.
6:52 of 2nd period - Stopped by Dan Ellis without a rebound.
6:53 of 2nd period - Yanic Perreault wins face-off versus Tomas Plekanec in Predators zone.
6:53 of 2nd period - Yanic Perreault is hit by Tomas Plekanec.
7:23 of 2nd period - Shot by Tomas Plekanec.
7:23 of 2nd period - Goal by Tomas Plekanec - Blues : 3 - Predators : 1.
7:24 of 2nd period - Eric Perrin wins face-off versus David Steckel in neutral zone.
8:19 of 2nd period - Shot by Jean-Pierre Dumont.
8:19 of 2nd period - Shot Misses the Net.
8:51 of 2nd period - Icing by Jean-Pierre Dumont.
8:52 of 2nd period - Robert Lang wins face-off versus Travis Zajac in Blues zone.
9:12 of 2nd period - Marek Svatos is hit by Francois Beauchemin and loses puck.
9:25 of 2nd period - Shot by Marek Svatos.
9:25 of 2nd period - Stopped by Antero Niittymaki without a rebound.
9:26 of 2nd period - Tomas Plekanec wins face-off versus Tomas Holmstrom in Blues zone.
9:49 of 2nd period - Shot by Martin St. Louis.
9:49 of 2nd period - Stopped by Dan Ellis without a rebound.
9:50 of 2nd period - Michael Peca wins face-off versus David Steckel in Predators zone.
9:50 of 2nd period - Rostislav Olesz is hit by Anton Babchuk and loses puck.
9:53 of 2nd period - Shot by Michael Peca.
9:53 of 2nd period - Stopped by Dan Ellis without a rebound.
9:54 of 2nd period - Rene Bourque wins face-off versus Jay Pandolfo in Predators zone.
10:23 of 2nd period - Shot by Rene Bourque.
10:23 of 2nd period - Shot Blocked by Bruno Gervais.
10:34 of 2nd period - Yanic Perreault is hit by Francois Beauchemin and loses puck.
10:52 of 2nd period - Icing by Nathan Paetsch.
10:53 of 2nd period - Robert Lang wins face-off versus Yanic Perreault in Predators zone.
10:53 of 2nd period - Robert Lang is hit by Nathan Paetsch.
10:59 of 2nd period - Shot by Phil Kessel.
10:59 of 2nd period - Stopped by Dan Ellis without a rebound.
11:00 of 2nd period - Tomas Plekanec wins face-off versus Travis Zajac in Predators zone.
11:23 of 2nd period - Shot by Tomas Plekanec.
11:23 of 2nd period - Shot Misses the Net.
11:25 of 2nd period - Shot by Jay Bouwmeester.
11:25 of 2nd period - Stopped by Dan Ellis without a rebound.
11:26 of 2nd period - Mike Comrie wins face-off versus Robert Lang in Predators zone.
11:26 of 2nd period - Mike Comrie is hit by Phil Kessel.
11:43 of 2nd period - Shot by Jean-Pierre Dumont.
11:43 of 2nd period - Shot Misses the Net.
11:45 of 2nd period - Shot by Kim Johnsson.
11:45 of 2nd period - Deflect By Phil Kessel.
11:45 of 2nd period - Stopped by Dan Ellis with a rebound.
11:47 of 2nd period - Shot by Marek Zidlicky.
11:47 of 2nd period - Deflect By Jean-Pierre Dumont.
11:47 of 2nd period - Stopped by Dan Ellis with a rebound.
11:51 of 2nd period - Shot by Jean-Pierre Dumont.
11:51 of 2nd period - Stopped by Dan Ellis with a rebound.
12:42 of 2nd period - Martin St. Louis is hit by Matt Walker and loses puck.
12:43 of 2nd period - Minor Penalty to Matt Walker for Elbowing.
12:44 of 2nd period - Mike Comrie wins face-off versus Tomas Plekanec in Predators zone.
12:44 of 2nd period - Mike Comrie is hit by Tomas Plekanec.
13:08 of 2nd period - Andrew Ference is hit by Tomas Plekanec and loses puck.
13:13 of 2nd period - Shot by Martin St. Louis.
13:13 of 2nd period - Shot Misses the Net.
13:26 of 2nd period - Icing by Sergei Fedorov.
13:27 of 2nd period - Yanic Perreault wins face-off versus Robert Lang in Blues zone.
13:45 of 2nd period - Shot by Jean-Pierre Dumont.
13:45 of 2nd period - Shot Blocked by Lasse Kukkonen.
13:47 of 2nd period - Shot by Kim Johnsson.
13:47 of 2nd period - Shot Blocked by Martin Skoula.
14:20 of 2nd period - Shot by Tomas Plekanec.
14:20 of 2nd period - Stopped by Dan Ellis with a rebound.
14:45 of 2nd period - Icing by Anton Babchuk.
14:46 of 2nd period - David Steckel wins face-off versus Michael Peca in Predators zone.
14:58 of 2nd period - Minor Penalty to Bruno Gervais for Tripping.
14:59 of 2nd period - Michael Peca wins face-off versus Travis Zajac in Blues zone.
16:00 of 2nd period - Icing by Andrew Ference.
16:01 of 2nd period - Michael Peca wins face-off versus Mike Comrie in Predators zone.
16:09 of 2nd period - Jay Pandolfo is hit by Chris Phillips and loses puck.
17:08 of 2nd period - Shot by Phil Kessel.
17:08 of 2nd period - Shot Blocked by Matt Walker.
17:16 of 2nd period - Shot by Yanic Perreault.
17:16 of 2nd period - Stopped by Antero Niittymaki without a rebound.
17:17 of 2nd period - Yanic Perreault wins face-off versus Maxime Talbot in Blues zone.
17:21 of 2nd period - Icing by Jay Bouwmeester.
17:22 of 2nd period - Maxime Talbot wins face-off versus Rene Bourque in Blues zone.
17:30 of 2nd period - Icing by Chris Phillips.
17:31 of 2nd period - Tomas Plekanec wins face-off versus David Steckel in Predators zone.
19:09 of 2nd period - Shot by Marek Svatos.
19:09 of 2nd period - Shot Misses the Net.
19:11 of 2nd period - Shot by Martin Skoula.
19:11 of 2nd period - Shot Misses the Net.
19:13 of 2nd period - Shot by Lasse Kukkonen.
19:13 of 2nd period - Stopped by Antero Niittymaki with a rebound.
19:17 of 2nd period - Shot by Marek Svatos.
19:17 of 2nd period - Stopped by Antero Niittymaki without a rebound.
19:18 of 2nd period - Robert Lang wins face-off versus Mike Comrie in Blues zone.
19:18 of 2nd period - Phil Kessel is hit by Rene Bourque and loses puck.
19:50 of 2nd period - Mike Comrie is hit by Robert Lang.

Period #3

0:01 of 3rd period - Tomas Plekanec wins face-off versus Mike Comrie in neutral zone.
0:14 of 3rd period - Mike Comrie is hit by Jay Bouwmeester and loses puck.
0:20 of 3rd period - Mike Comrie is hit by Jay Bouwmeester and loses puck.
1:14 of 3rd period - Shot by Robert Lang.
1:14 of 3rd period - Stopped by Dan Ellis without a rebound.
1:15 of 3rd period - Yanic Perreault wins face-off versus Michael Peca in Predators zone.
1:24 of 3rd period - Francois Beauchemin is hit by Dan Hinote and loses puck.
1:38 of 3rd period - Matt Walker is hit by Francois Beauchemin and loses puck.
2:28 of 3rd period - Tyler Bouck is hit by Marek Zidlicky and loses puck.
2:31 of 3rd period - Shot by Tyler Bouck.
2:31 of 3rd period - Deflect By Rene Bourque.
2:31 of 3rd period - Shot Blocked by Marek Zidlicky.
2:33 of 3rd period - Shot by Chris Phillips.
2:33 of 3rd period - Shot Misses the Net.
2:49 of 3rd period - Shot by Jean-Pierre Dumont.
2:49 of 3rd period - Shot Misses the Net.
2:56 of 3rd period - Marek Svatos is hit by Marek Zidlicky and loses puck.
3:04 of 3rd period - Travis Zajac is hit by Marek Zidlicky and loses puck.
3:11 of 3rd period - Shot by Travis Zajac.
3:11 of 3rd period - Stopped by Antero Niittymaki without a rebound.
3:12 of 3rd period - Tomas Plekanec wins face-off versus Drew Miller in Blues zone.
3:36 of 3rd period - Shot by Yanic Perreault.
3:36 of 3rd period - Stopped by Antero Niittymaki without a rebound.
3:37 of 3rd period - Mike Comrie wins face-off versus Michael Peca in Blues zone.
4:18 of 3rd period - Rene Bourque is hit by Michael Peca and loses puck.
4:59 of 3rd period - Shot by Martin St. Louis.
4:59 of 3rd period - Stopped by Dan Ellis without a rebound.
5:00 of 3rd period - Yanic Perreault wins face-off versus Robert Lang in Predators zone.
5:00 of 3rd period - Yanic Perreault is hit by Robert Lang.
5:09 of 3rd period - Dan Hinote is hit by Marek Zidlicky and loses puck.
5:30 of 3rd period - Shot by Phil Kessel.
5:30 of 3rd period - Shot Blocked by Matt Walker.
5:34 of 3rd period - Shot by Robert Lang.
5:34 of 3rd period - Stopped by Dan Ellis without a rebound.
5:35 of 3rd period - Tomas Plekanec wins face-off versus Travis Zajac in Predators zone.
6:13 of 3rd period - Martin St. Louis is hit by Lasse Kukkonen and loses puck.
6:35 of 3rd period - Marek Svatos is hit by Francois Beauchemin and loses puck.
6:41 of 3rd period - Minor Penalty to Mike Comrie for Cross-checking.
6:42 of 3rd period - Robert Lang wins face-off versus Rene Bourque in Blues zone.
6:58 of 3rd period - Shot by Jean-Pierre Dumont.
6:58 of 3rd period - Shot Misses the Net.
7:00 of 3rd period - Shot by Kim Johnsson.
7:00 of 3rd period - Stopped by Dan Ellis with a rebound.
7:02 of 3rd period - Shot by Sergei Fedorov.
7:02 of 3rd period - Shot Misses the Net.
7:30 of 3rd period - Nathan Paetsch is hit by Tomas Plekanec and loses puck.
7:44 of 3rd period - Tomas Plekanec is hit by Chris Phillips and loses puck.
8:02 of 3rd period - Icing by Jean-Pierre Dumont.
8:03 of 3rd period - Robert Lang wins face-off versus Yanic Perreault in Blues zone.
8:17 of 3rd period - David Steckel is hit by Rostislav Olesz and loses puck.
8:25 of 3rd period - Icing by Kim Johnsson.
8:26 of 3rd period - Tomas Holmstrom wins face-off versus Robert Lang in Blues zone.
8:56 of 3rd period - Icing by Chris Phillips.
8:57 of 3rd period - David Steckel wins face-off versus Tomas Plekanec in Predators zone.
9:04 of 3rd period - Shot by Pierre-Marc Bouchard.
9:04 of 3rd period - Deflect By Martin St. Louis.
9:04 of 3rd period - Stopped by Dan Ellis without a rebound.
9:05 of 3rd period - Yanic Perreault wins face-off versus Michael Peca in Predators zone.
9:16 of 3rd period - Shot by Michael Peca.
9:16 of 3rd period - Stopped by Dan Ellis without a rebound.
9:17 of 3rd period - Tomas Plekanec wins face-off versus Travis Zajac in Predators zone.
9:20 of 3rd period - Shot by Martin St. Louis.
9:20 of 3rd period - Stopped by Dan Ellis without a rebound.
9:21 of 3rd period - Yanic Perreault wins face-off versus Tomas Plekanec in Predators zone.
9:49 of 3rd period - Shot by Martin St. Louis.
9:49 of 3rd period - Shot Misses the Net.
10:04 of 3rd period - Nathan Paetsch is hit by Marek Zidlicky.
10:05 of 3rd period - Minor Penalty to Marek Zidlicky for Slashing.
10:06 of 3rd period - Michael Peca wins face-off versus Travis Zajac in Blues zone.
10:06 of 3rd period - Michael Peca is hit by Nick Foligno.
12:40 of 3rd period - Jean-Pierre Dumont is hit by Matt Walker and loses puck.
12:44 of 3rd period - Icing by Matt Walker.
12:45 of 3rd period - Jay Pandolfo wins face-off versus Yanic Perreault in Predators zone.
12:45 of 3rd period - Michael Peca is hit by Matt Walker and loses puck.
12:48 of 3rd period - Shot by Rostislav Olesz.
12:48 of 3rd period - Shot Misses the Net.
12:52 of 3rd period - Shot by Rostislav Olesz.
12:52 of 3rd period - Deflect By Michael Peca.
12:52 of 3rd period - Stopped by Dan Ellis without a rebound.
12:53 of 3rd period - Maxime Talbot wins face-off versus David Steckel in Predators zone.
13:51 of 3rd period - Off-side.
13:52 of 3rd period - Jean-Pierre Dumont wins face-off versus Travis Zajac in neutral zone.
14:01 of 3rd period - Shot by Phil Kessel.
14:01 of 3rd period - Stopped by Dan Ellis without a rebound.
14:02 of 3rd period - Marek Svatos wins face-off versus Robert Lang in Predators zone.
14:06 of 3rd period - Travis Zajac is hit by Robert Lang and loses puck.
14:20 of 3rd period - Jean-Pierre Dumont is hit by Lasse Kukkonen and loses puck.
14:35 of 3rd period - Shot by Robert Lang.
14:35 of 3rd period - Shot Blocked by Travis Zajac.
14:37 of 3rd period - Shot by Robert Lang.
14:37 of 3rd period - Deflect By Jean-Pierre Dumont.
14:37 of 3rd period - Stopped by Dan Ellis without a rebound.
14:38 of 3rd period - Tomas Plekanec wins face-off versus Yanic Perreault in Predators zone.
15:01 of 3rd period - Shot by Dan Hinote.
15:01 of 3rd period - Stopped by Antero Niittymaki without a rebound.
15:02 of 3rd period - Mike Comrie wins face-off versus Michael Peca in Blues zone.
15:04 of 3rd period - Tomas Holmstrom is hit by Francois Beauchemin and loses puck.
15:09 of 3rd period - Shot by Tomas Holmstrom.
15:09 of 3rd period - Shot Misses the Net.
15:11 of 3rd period - Shot by Mike Comrie.
15:11 of 3rd period - Shot Misses the Net.
15:14 of 3rd period - Minor Penalty to Francois Beauchemin for Tripping.
15:15 of 3rd period - Travis Zajac wins face-off versus Michael Peca in Blues zone.
15:16 of 3rd period - Shot by Marek Svatos.
15:16 of 3rd period - Stopped by Antero Niittymaki with a rebound.
15:18 of 3rd period - Shot by Martin Skoula.
15:18 of 3rd period - Shot Misses the Net.
15:20 of 3rd period - Shot by Lasse Kukkonen.
15:20 of 3rd period - Stopped by Antero Niittymaki without a rebound.
15:21 of 3rd period - Tomas Plekanec wins face-off versus Rene Bourque in Blues zone.
15:30 of 3rd period - Michael Peca is hit by Tomas Holmstrom and loses puck.
16:21 of 3rd period - Shot by Marek Svatos.
16:21 of 3rd period - Shot Blocked by Marek Zidlicky.
16:23 of 3rd period - Shot by Lasse Kukkonen.
16:23 of 3rd period - Shot Misses the Net.
16:41 of 3rd period - Shot by Drew Miller.
16:41 of 3rd period - Deflect By Mike Comrie.
16:41 of 3rd period - Shot Misses the Net.
16:45 of 3rd period - Shot by Tomas Holmstrom.
16:45 of 3rd period - Shot Misses the Net.
16:47 of 3rd period - Shot by Andrew Ference.
16:47 of 3rd period - Stopped by Antero Niittymaki without a rebound.
16:48 of 3rd period - Michael Peca wins face-off versus Mike Comrie in Blues zone.
17:18 of 3rd period - Off-side.
17:19 of 3rd period - Robert Lang wins face-off versus Yanic Perreault in neutral zone.
17:21 of 3rd period - Phil Kessel is hit by Nathan Paetsch and loses puck.
17:28 of 3rd period - Shot by Robert Lang.
17:28 of 3rd period - Shot Blocked by Drew Miller.
17:32 of 3rd period - Shot by Jean-Pierre Dumont.
17:32 of 3rd period - Deflect By Robert Lang.
17:32 of 3rd period - Shot Blocked by Matt Walker.
17:34 of 3rd period - Shot by Robert Lang.
17:34 of 3rd period - Stopped by Dan Ellis with a rebound.
17:38 of 3rd period - Shot by Robert Lang.
17:38 of 3rd period - Stopped by Dan Ellis without a rebound.
17:39 of 3rd period - Travis Zajac wins face-off versus Maxime Talbot in Predators zone.
18:30 of 3rd period - Rostislav Olesz is hit by Lasse Kukkonen and loses puck.
18:51 of 3rd period - Minor Penalty to Martin Skoula for Hooking.
18:52 of 3rd period - Robert Lang wins face-off versus Mike Comrie in Predators zone.


Output by the SimonT Hockey Simulator (STHS) for Jason Fisher -- Original Page W3C XHTML 1.0 Valid